Map: [ESL] Oceanborn

Players

Fjant

  • Race: Zerg Zerg
  • League: Grandmaster
  • Spawn Location: 5:00

LiquidElazer (Elazer) - Winner!

  • Race: Zerg Zerg
  • Spawn Location: 11:00

Event: HomeStory Cup XXIV

VOD

Have the link to the VOD?

Description

Time

  • Played on: Dec. 1, 2023, 9:26 a.m.
  • Length: 9:49

All games in this series

Show
View Real Time Build Order
Export as new Build Order

Fjant Zerg 

Build Orders: Hatch First 

Get SALT Encoding   

  12  0:00  Drone  
  13  0:12  Overlord  
  13  0:18  Drone  
  14  0:30  Drone  
  14  0:31  Drone  
  16  0:48  Hatchery  
  15  0:51  Drone  
  15  0:55  Drone  
  17  0:58  Drone  
  18  1:08  Extractor  
  17  1:13  Spawning Pool  
  16  1:19  Drone x2  
  18  1:28  Drone  
  19  1:39  Drone  
  20  1:50  Drone  
  21  2:00  Queen x2  
  25  2:01  Drone x2  
  27  2:11  Overlord  
  27  2:12  Drone  
  27  2:15  Metabolic Boost  
  28  2:27  Hatchery  
  28  2:30  Drone  
  28  2:31  Zergling x2  
  28  2:36  Drone  
  30  2:42  Drone  
  31  2:46  Baneling Nest  
  31  2:51  Overlord  
  30  2:52  Drone  
  30  2:54  Drone x2  
  33  3:05  Queen  
  33  3:07  Drone  
  33  3:09  Zergling x2  
  33  3:10  Zergling x4  
  33  3:12  Zergling x2  
  40  3:16  Drone x2  
  40  3:18  Drone  
  43  3:20  Drone  
  44  3:36  Overlord  
  44  3:37  Overlord  
  44  3:41  Drone x2  
  46  3:44  Drone x2  
  46  3:47  Drone x2  
  50  3:54  Evolution Chamber  
  49  3:56  Drone x4  
  49  4:00  Drone  
  53  4:05  Drone x2  
  53  4:08  Baneling x2  
  55  4:14  Zergling x6  
  57  4:20  Extractor  
  57  4:21  Zergling x6, Extractor  
  57  4:22  Baneling x3  
  57  4:23  Roach Warren  
  57  4:25  Zergling x10  
  57  4:31  Zergling x2  
  49  5:01  Drone x2  
  49  5:04  Roach x6  
  49  5:05  Zergling x6  
  65  5:17  Overlord  
  65  5:18  Overlord  
  65  5:19  Baneling x3  
  62  5:31  Roach  
  62  5:32  Roach  
  63  5:38  Roach x5  
  63  5:39  Zergling x6  
  74  5:45  Baneling x2  
  74  5:48  Zergling x8  
  78  5:51  Zergling x2  
  78  6:01  Roach x2  
  74  6:11  Roach x2  
  74  6:12  Roach x2  
  74  6:15  Zergling x8  
  79  6:19  Zergling x2  
  79  6:24  Roach x2  
  81  6:27  Zergling x2  
  81  6:28  Zergling x2  
  81  6:32  Zergling x2  
  78  6:35  Drone  
  78  6:37  Drone  
  80  6:40  Lair  
  80  6:41  Zerg Missile Weapons Level 1  
  80  6:42  Drone x2  
  80  6:43  Overlord x2  
  80  6:44  Overlord  
  82  6:52  Overlord  
  81  6:55  Overlord  
  81  6:59  Drone x4  
  82  7:04  Drone  
  82  7:08  Roach  
  85  7:11  Roach x3  
  91  7:16  Roach x2  
  91  7:19  Roach  
  91  7:20  Drone  
  97  7:28  Roach x3  
  103  7:33  Roach x2  
  107  7:39  Glial Reconstitution  
  107  7:41  Roach x3  
  111  7:45  Roach x2  
  111  7:48  Drone  
  111  7:49  Drone  
  116  7:52  Roach  
  116  7:55  Roach x2  
  122  8:00  Overlord  
  122  8:02  Overlord  
  122  8:04  Overlord  
  122  8:17  Roach x2  
  122  8:19  Overlord  
  121  8:20  Drone x3  
  121  8:22  Roach x2  
  125  8:28  Roach x3  
  125  8:30  Ravager x2  
  133  8:43  Roach x4  
  133  8:48  Overlord  
  141  8:53  Roach x2  
  145  9:05  Overlord  
  141  9:11  Roach x6  
  151  9:18  Roach  
  153  9:24  Overlord  
Show
View Real Time Build Order
Export as new Build Order

LiquidElazer Zerg - Winner!

Build Orders: Hatch First 

Get SALT Encoding   

  12  0:00  Drone  
  13  0:12  Overlord  
  13  0:17  Drone  
  14  0:30  Drone x2  
  16  0:47  Hatchery  
  15  0:51  Drone  
  15  0:54  Drone  
  17  0:58  Drone  
  18  1:08  Extractor  
  17  1:13  Spawning Pool  
  17  1:17  Drone  
  17  1:20  Drone  
  18  1:28  Drone  
  19  1:39  Drone  
  20  1:50  Drone  
  21  2:00  Zergling x2, Queen x2  
  21  2:01  Overlord  
  26  2:09  Metabolic Boost  
  26  2:10  Drone  
  26  2:11  Drone  
  28  2:20  Drone  
  28  2:21  Drone  
  30  2:32  Hatchery  
  30  2:35  Drone  
  30  2:38  Drone  
  30  2:43  Drone x2  
  33  2:47  Baneling Nest  
  32  2:53  Drone  
  32  2:54  Overlord  
  33  3:04  Drone x2  
  35  3:07  Drone  
  35  3:08  Overlord  
  35  3:12  Queen  
  36  3:13  Zergling x2  
  36  3:15  Zergling x2  
  40  3:20  Zergling x4  
  40  3:22  Drone  
  40  3:26  Drone  
  44  3:29  Drone x2  
  46  3:40  Drone x6  
  52  3:43  Overlord  
  52  3:44  Baneling  
  52  3:47  Zergling x4  
  53  3:55  Zergling x4  
  55  4:01  Queen  
  55  4:03  Overlord  
  55  4:05  Zergling x4  
  57  4:11  Zergling x8  
  57  4:12  Roach Warren  
  57  4:16  Baneling x2  
  60  4:19  Baneling x3  
  60  4:21  Overlord  
  60  4:23  Drone x3  
  63  4:24  Drone  
  63  4:28  Drone x3  
  63  4:31  Drone x2  
  69  4:34  Drone  
  69  4:40  Drone x3  
  60  4:49  Zergling x4  
  62  4:52  Zergling x2  
  62  4:53  Zergling x12  
  62  4:55  Extractor, Lair  
  62  4:56  Extractor  
  66  5:01  Zergling x6  
  66  5:05  Spine Crawler  
  66  5:06  Queen x2  
  72  5:07  Baneling x3  
  72  5:11  Zergling x4  
  73  5:21  Roach  
  74  5:24  Baneling x2  
  70  5:31  Roach  
  70  5:32  Roach  
  70  5:33  Overlord  
  70  5:38  Zergling x18  
  70  5:42  Queen  
  79  5:47  Overlord  
  79  5:49  Roach  
  81  5:52  Overlord  
  81  5:53  Spine Crawler  
  81  5:54  Queen  
  82  5:59  Roach  
  82  6:00  Roach  
  86  6:05  Roach  
  86  6:09  Roach x2  
  87  6:13  Glial Reconstitution, Roach  
  87  6:15  Roach  
  87  6:16  Roach  
  93  6:20  Roach x2  
  93  6:21  Zergling x8  
  96  6:27  Roach  
  96  6:32  Roach  
  96  6:38  Roach x2  
  98  6:45  Roach x2  
  98  6:46  Evolution Chamber  
  100  6:56  Overlord  
  100  7:01  Overlord x3  
  99  7:07  Pneumatized Carapace  
  99  7:18  Roach x4, Hatchery  
  99  7:20  Roach  
  99  7:21  Roach x4  
  116  7:23  Roach  
  116  7:29  Drone x3  
  121  7:35  Drone x7  
  121  7:36  Zerg Missile Weapons Level 1  
  127  7:39  Drone x3  
  129  7:44  Drone  
  129  7:45  Overseer  
  129  7:51  Overlord x2  
  130  7:53  Extractor  
  130  7:54  Extractor  
  130  7:56  Extractor, Drone x3  
  130  8:05  Overlord  
  130  8:18  Roach x8  
  146  8:23  Overlord  
  146  8:27  Roach x4  
  154  8:38  Roach x3  
  154  8:40  Overlord x2  
  158  8:46  Roach x3  
  164  8:52  Roach x2  
  164  8:55  Overlord  
  168  9:08  Roach x8  
  184  9:14  Roach x4  
  184  9:15  Overlord  
  192  9:26  Roach  
  156  9:43  Ravager x2  
  156  9:44  Ravager  
  166  9:49  Ravager  
Tags
 
Add a new tag
Caveats
  • Supply blocks, unpowered buildings, or Contaminate may cause inaccurate times.
  • Supply counts are checked every 10 seconds.